 Dungeon Crawl Stone Soup version 0.29.1-2-gbd0b4ee654 (webtiles) character file.

Game seed: 2237953011238219666

7393 qeuew the Spear-Bearer (level 11, -7/114 (130) HPs)
             Began as a Merfolk Gladiator on Nov 9, 2022.
             Was an Initiate of Gozag.
             Mangled by a wraith (11 damage)
             ... led by Josephine
             ... on level 10 of the Dungeon.
             The game lasted 00:11:59 (11148 turns).

qeuew the Spear-Bearer (Merfolk Gladiator)         Turns: 11148, Time: 00:11:59

HP:   -7/114 (130)  AC:  9    Str: 18    XL:     11   Next: 14%
MP:   11/11         EV: 17    Int:  7    God:    Gozag
Gold: 1230          SH:  0    Dex: 23    Spells: 10/10 levels left

rFire   + + .      SeeInvis .   g - +9 spear "Guseu" {vorpal, rPois rF+}
rCold   . . .      Faith    .   (no shield)
rNeg    . . .      Spirit   .   p - +1 scale mail {rF+}
rPois   +          Reflect  .   c - +0 helmet
rElec   .          Harm     .   (no cloak)
rCorr   .          Rampage  .   (no gloves)
Will    .....                   (no boots)
Stlth   ..........              (no amulet)
HPRegen 0.29/turn               w - +6 ring of dexterity
MPRegen 0.12/turn               (no ring)

@: berserking, gold aura, slowed, heavily drained
A: (nimble swimmer 2), mertail
a: Renounce Religion, Potion Petition, Call Merchant, Bribe Branch


You were on level 10 of the Dungeon.
You worshipped Gozag.
Gozag was most pleased with you.
You visited 1 branch of the dungeon, and saw 10 of its levels.

You collected 1394 gold pieces.
You spent 66 gold pieces at shops.
You paid 98 gold pieces to Gozag.

Inventory:

Hand Weapons
 g - the +9 spear "Guseu" (weapon) {vorpal, rPois rF+}
   (You found it on level 3 of the Dungeon)

   It inflicts extra damage upon your enemies.
   rF:        It protects you from fire.
   rPois:     It protects you from poison.
Missiles
 d - a throwing net (quivered)
 e - 4 javelins
 y - 3 boomerangs of dispersal
Armour
 c - a +0 helmet (worn)
 p - a +1 scale mail of fire resistance (worn)
Jewellery
 b - a ring of protection from fire
 w - a +6 ring of dexterity (left hand)
Wands
 a - a wand of flame (17)
 x - a wand of polymorph (6)
 z - a wand of roots (41)
 D - a wand of digging (5)
Scrolls
 j - 2 scrolls of enchant weapon
 k - 3 scrolls of brand weapon
 m - 2 scrolls of butterflies
 o - 5 scrolls of silence
 q - 3 scrolls of teleportation
 r - a scroll of amnesia
 A - a scroll of magic mapping
 B - a scroll of acquirement
Potions
 f - 3 potions of might
 h - 3 potions of cancellation
 i - 2 potions of brilliance
 l - a potion of flight
 s - a potion of ambrosia
 t - 3 potions of heal wounds
 u - 2 potions of haste
 v - a potion of curing
 C - a potion of resistance


   Skills:
 + Level 8.6 Fighting
 + Level 10.7 Polearms
 + Level 7.8 Throwing
 + Level 5.6 Armour
 + Level 10.6 Dodging


You had 10 spell levels left.
You didn't know any spells.
Your spell library contained the following spells:

 Spells                   Type           Power      Damage    Failure   Level
 Sandblast                Erth           0%         2d4       80%         1
 Passwall                 Tmut/Erth      0%         N/A       90%         2
 Sublimation of Blood     Necr           0%         N/A       90%         2
 Stone Arrow              Conj/Erth      0%         3d7       99%         3
 Petrify                  Tmut/Erth      0%         N/A       100%        4
 Irradiate                Conj/Tmut      0%         3d11      100%        5


Dungeon Overview and Level Annotations

Branches:
Dungeon (10/15)            Temple (0/1) D:6            Lair (0/5) D:8
    Orc: D:9-12

Altars:
Ashenzari
Cheibriados
Dithmenos
Gozag
Hepliaklqana
Makhleb
Trog
Vehumet
Wu Jian
Xom

Shops:
D:3 ?   D:4 *?   D:5 *

Annotations:
D:3 3 runed translucent doors, 2021koboldassassin's ghost, amateur KoBr
D:10 Josephine


Innate Abilities, Weirdness & Mutations

((You are very nimble when in or above water. (Stealth+, EV+, Speed+++)))
Your lower body shifts to a powerful aquatic tail in water.


Message History

The ghostly fireball engulfs Josephine.
Josephine completely resists.
You puncture Josephine!
Josephine is lightly wounded.
The wraith hits you. The wraith drains your vigour!
You feel yourself slow down. Josephine hits you with a +0 dagger.
You puncture Josephine! You punch Josephine.
Josephine is heavily wounded.
You hit Josephine.
Josephine is heavily wounded.
The wraith hits you! The wraith drains your vigour!
You feel as though you will be slow longer.
Josephine casts a spell at you.
The ghostly flame explodes!
The ghostly fireball engulfs you!!
You feel drained.
The ghostly fireball engulfs Josephine.
Josephine completely resists.
The ghostly fireball engulfs the wraith.
The wraith completely resists.
You are too injured to fight recklessly!
You are too injured to fight recklessly!
A red film seems to cover your vision as you go berserk!
You feel yourself moving faster!
You feel mighty!
The wraith is no longer distracted by gold.
The wraith closely misses you. Josephine hits you with a +0 dagger!
* * * LOW HITPOINT WARNING * * *
The wraith is distracted by your dazzling golden aura.
Josephine points at you and mumbles some strange words.
The ghostly flame explodes!
The ghostly fireball engulfs you!!
You feel drained.
* * * LOW HITPOINT WARNING * * *
The ghostly fireball engulfs Josephine.
Josephine completely resists.
The ghostly fireball engulfs the wraith.
The wraith completely resists.
The wraith is no longer distracted by gold.
You puncture Josephine!
Josephine is severely wounded.
You puncture Josephine!
Josephine is almost dead.
The wraith hits you!
You die...
Your body crumbles into a pile of gold.

##.....##
#####.##
##...##
#......# ##+#
#.##...#
#######.##.#.#
#............#
#.#######..###
#..# #####..#
#W@....#
...W..@###.##
.#....W ..#
###### ####


You could see Josephine and 3 wraiths.

Vanquished Creatures
  A death yak (D:8)
  Psyche (D:8)
  A hornet (D:9)
  Sigmund (D:6)
  A wraith (D:10)
  2 unseen horror simulacra (D:9)
  A wyvern (D:8)
  10 yaks
  2 steam dragons
  Menkaure (D:6)
  2 water moccasins
  An orc warrior (D:7)
  4 ice beasts
  2 sky beasts
  A wolf (D:9)
  An ogre (D:3)
  7 centaurs
  2 kobold brigands
  Blork the orc (D:6)
  A bullfrog (D:7)
  4 scorpions
  5 wights (D:7)
  9 killer bees
  A howler monkey (D:8)
  An electric eel (D:9)
  4 hounds
  2 jellies
  A gnoll bouda (D:6)
  6 orc priests
  Jessica (D:2)
  4 iguanas
  Ijyb (D:3)
  7 orc wizards
  2 centaur simulacra (D:9)
  8 adders
  7 gnolls
  2 white imps
  4 ufetubi
  2 dart slugs
  12 orcs
  10 endoplasms
  3 giant cockroaches
  8 goblins
  11 hobgoblins
  6 jackals
  2 quokkas (D:1)
  6 ball pythons
  10 bats
  A frilled lizard (D:3)
  12 kobolds
  2 rats (D:1)
197 creatures vanquished.

Vanquished Creatures (others)
  A wizard (D:8)
  A yak (D:9)
2 creatures vanquished.

Grand Total: 199 creatures vanquished

Notes
Turn   | Place    | Note
-------+----------+-------------------------------------------
     0 | D:1      | qeuew the Merfolk Gladiator began the quest for the Orb.
     0 | D:1      | Reached XP level 1. HP: 16/16 MP: 1/1
   177 | D:1      | Reached XP level 2. HP: 19/23 MP: 2/2
   241 | D:1      | Found a faded altar of an unknown god.
   682 | D:1      | Reached XP level 3. HP: 21/28 MP: 3/3
  1675 | D:2      | Reached XP level 4. HP: 34/34 MP: 4/4
  1737 | D:2      | Reached skill level 1 in Armour
  2035 | D:2      | Noticed Jessica
  2039 | D:2      | Killed Jessica
  2040 | D:2      | Reached XP level 5. HP: 41/41 MP: 5/5
  2357 | D:3      | Noticed 2021koboldassassin's ghost (amateur KoBr)
  2377 | D:3      | Identified the +9 spear "Guseu" {vorpal, rPois rF+}
  2444 | D:3      | Reached skill level 5 in Dodging
  2447 | D:3      | Reached skill level 5 in Polearms
  2579 | D:3      | Noticed an ogre
  2588 | D:3      | Killed an ogre
  2589 | D:3      | Reached XP level 6. HP: 27/47 MP: 6/6
  2592 | D:3      | Noticed Ijyb
  2607 | D:3      | Killed Ijyb
  2905 | D:3      | Found Esetwawn's Magic Scroll Shoppe.
  3122 | D:3      | Found a runed translucent gate.
  3122 | D:3      | Found a runed translucent gate.
  3122 | D:3      | Found a runed translucent gate.
  3639 | D:4      | Noticed a water moccasin
  3655 | D:4      | Killed a water moccasin
  3656 | D:4      | Reached XP level 7. HP: 22/54 MP: 7/7
  4113 | D:4      | Found Rysm's Magic Scroll Shoppe.
  4286 | D:4      | Found Haclee Ytea's General Store.
  4716 | D:5      | Entered Level 5 of the Dungeon
  4833 | D:5      | Noticed a steam dragon
  4835 | D:5      | Found a snail-covered altar of Cheibriados.
  4842 | D:5      | Killed a steam dragon
  4886 | D:5      | Reached XP level 8. HP: 58/61 MP: 8/8
  4898 | D:5      | Found an opulent altar of Gozag.
  4917 | D:5      | Noticed a yak
  4925 | D:5      | Killed a yak
  4926 | D:5      | Reached skill level 5 in Fighting
  4926 | D:5      | Noticed a yak
  4929 | D:5      | Noticed a yak
  4946 | D:5      | Became a worshipper of Gozag Ym Sagoz the Greedy
  5121 | D:5      | Killed a yak
  5132 | D:5      | Killed a yak
  5207 | D:5      | Found a shadowy altar of Dithmenos.
  5462 | D:5      | Reached skill level 5 in Throwing
  5503 | D:5      | Found Tynt's CLEARANCE SALE!.
  5512 | D:5      | Bought a scroll of identify for 8 gold pieces
  5512 | D:5      | Bought a potion of heal wounds for 20 gold pieces
  5512 | D:5      | Bought a scroll of identify for 8 gold pieces
  5512 | D:5      | Bought a scroll of enchant weapon for 30 gold pieces
  5571 | D:6      | Found a staircase to the Ecumenical Temple.
  5624 | D:6      | Found a broken altar of Ashenzari.
  5625 | D:6      | Found an ornate altar of the Wu Jian Council.
  5625 | D:6      | Found a shimmering altar of Xom.
  5638 | D:6      | Found a hazy altar of Hepliaklqana.
  5638 | D:6      | Noticed Menkaure
  5644 | D:6      | Killed Menkaure
  5745 | D:6      | Noticed Blork the orc
  5749 | D:6      | Killed Blork the orc
  5750 | D:6      | Reached XP level 9. HP: 60/69 MP: 9/9
  6276 | D:6      | Noticed Sigmund
  6287 | D:6      | Killed Sigmund
  6415 | D:6      | Found a radiant altar of Vehumet.
  7765 | D:7      | Found a burning altar of Makhleb.
  7987 | D:7      | Reached XP level 10. HP: 31/79 MP: 10/10
  8618 | D:8      | Noticed Psyche
  8627 | D:8      | Killed Psyche
  8690 | D:8      | Found a bloodstained altar of Trog.
  8692 | D:8      | Noticed a wizard
  8696 | D:8      | Killed a wizard
  8792 | D:8      | Identified the +1 robe of the Pirate {+Blink rC+ Int+3}
  9015 | D:8      | Reached skill level 5 in Armour
  9030 | D:8      | Found a staircase to the Lair.
  9632 | D:9      | Reached skill level 10 in Polearms
  9632 | D:9      | Reached skill level 10 in Dodging
  9854 | D:9      | Noticed a death yak
  9883 | D:8      | Killed a death yak
 10169 | D:9      | Reached XP level 11. HP: 75/87 MP: 11/11
 10920 | D:9      | Identified a scroll of acquirement
 10935 | D:10     | Entered Level 10 of the Dungeon
 11128 | D:10     | Noticed Josephine
 11146 | D:10     | HP: 3/114 [Josephine/ghostly fireball (32)]
 11148 | D:10     | Mangled by a wraith

Illustrated notes

Levels and vault maps discovered:
D:1:      lemuel_arrival_river_bridge, layout_loops_ring,
          ebering_ecumenical_altar_abandoned, st_stairs_9
D:2:      cheibrodos_pilgrimage, layout_basic, uniq_jessica
D:3:      kennysheep_the_goblin_king, layout_loops_corners,
          gammafunk_ghost_split, serial_shops, nicolae_shop_stone
D:4:      layout_basic, serial_shops, shop, kennysheep_mini, minmay_bisected
D:5:      layout_rooms, nicolae_dithmenos_the_darkroom, jmf_multi_god_temple,
          minmay_misc_feat_plants, nicolae_shop_clearance
D:6:      layout_loops_ring, mainiacjoe_overflow_24_doors,
          chequers_temple_overflow_statue_of_worship,
          minmay_temple_entry_junction, nrook_mini_backslash, uniq_menkaure,
          uniq_sigmund, uniq_blork_the_orc
D:7:      layout_loops_cross, bloody_makhleb
D:8:      layout_basic, trog_wizard, lair_entry_dummy, uniq_psyche
D:9:      layout_layer_cave, serial_ice, serial_ice_o, serial_ice_n,
          serial_ice_l, serial_ice_e, serial_ice_b
D:10:     layout_loops_corners, david_orc_1_choice, uniq_josephine

Skill      XL: |  1  2  3  4  5  6  7  8  9 10 |
---------------+-------------------------------+-----
Armour         | 1 2 3 4 5 |  5.6
Fighting       | 3 4 5 7 8 |  8.6
Dodging        | 5 6 7 9 10 | 10.6
Polearms       | 5 6 7 9 10 | 10.7
Throwing       | 3 4 5 6 7 |  7.8

Action                   |  1- 3 |  4- 6 |  7- 9 | 10-12 || total
-------------------------+-------+-------+-------+-------++-------
Melee: Trident           |   115 |    45 |       |       ||   160
       Punch             |     3 |       |     3 |     3 ||     9
       Spear             |       |    72 |   260 |   214 ||   546
       Tailslap          |       |       |       |     2 ||     2
Throw: Throwing net      |       |     1 |       |     1 ||     2
  Use: Scroll            |     7 |     6 |     7 |     4 ||    24
       Potion            |     1 |     3 |     1 |     1 ||     6
 Stab: Sleeping          |     5 |     2 |       |       ||     7
       Distracted        |       |       |     1 |     1 ||     2
       Held in net/web   |       |       |       |     2 ||     2
Armor: Leather armour    |    22 |    15 |       |       ||    37
       Scale mail        |       |     5 |    52 |    19 ||    76
Dodge: Dodged            |    56 |    60 |    99 |   117 ||   332
